Map: Defender's Landing LE

Players

Aelith - Winner!

  • Race: Zerg Zerg
  • Spawn Location: 7:00

Elroye

  • Race: Zerg Zerg
  • Spawn Location: 1:00

Event: WCS Valencia 2017

VOD

Have the link to the VOD?

Description

Time

  • Played on: July 13, 2017, 7:29 a.m.
  • Length: 10:47

All games in this series

Show
View Real Time Build Order
Export as new Build Order

Aelith Zerg - Winner!

Build Orders: Hatch First 

Get SALT Encoding   

  12  0:01  Drone  
  13  0:14  Overlord  
  13  0:17  Drone  
  14  0:32  Drone x2  
  16  0:36  Drone  
  17  0:54  Hatchery  
  17  0:56  Drone  
  17  0:59  Drone  
  17  1:01  Extractor  
  17  1:15  Spawning Pool  
  17  1:18  Drone  
  17  1:22  Drone  
  18  1:29  Drone  
  19  1:40  Overlord  
  19  1:52  Drone  
  20  2:01  Queen  
  20  2:04  Metabolic Boost  
  20  2:05  Queen  
  20  2:08  Zergling x2  
  25  2:11  Zergling x2  
  26  2:18  Spine Crawler  
  26  2:22  Zergling x2  
  26  2:24  Drone  
  26  2:28  Drone  
  28  2:31  Drone  
  28  2:35  Drone  
  30  2:38  Drone  
  31  2:46  Baneling Nest  
  31  2:47  Drone  
  31  2:50  Drone  
  32  3:04  Lair  
  32  3:06  Zergling x2  
  32  3:07  Extractor, Zergling x2  
  32  3:08  Zergling x2  
  32  3:10  Zergling x2  
  35  3:13  Drone  
  35  3:18  Overlord  
  36  3:28  Extractor  
  36  3:30  Drone  
  36  3:40  Drone x5  
  40  3:42  Drone  
  40  3:44  Drone  
  40  3:47  Overlord  
  42  3:50  Drone  
  42  3:53  Drone  
  44  4:05  Spire  
  44  4:09  Drone  
  44  4:10  Drone  
  44  4:13  Drone  
  44  4:15  Drone  
  47  4:18  Drone  
  47  4:23  Extractor  
  46  4:32  Zergling x10  
  51  4:43  Baneling x3  
  51  4:46  Overlord  
  51  4:49  Zergling x2  
  51  5:19  Mutalisk x4  
  59  5:21  Overlord x2  
  59  5:32  Hatchery  
  59  5:33  Mutalisk  
  59  5:35  Zerg Flyer Weapons Level 1  
  59  5:44  Mutalisk x3  
  59  5:47  Mutalisk  
  67  5:50  Drone x3  
  67  5:52  Drone  
  71  5:57  Mutalisk  
  73  6:04  Drone x2  
  73  6:09  Overlord  
  75  6:17  Overlord  
  75  6:24  Evolution Chamber x2, Overlord  
  73  6:29  Mutalisk x2  
  73  6:31  Mutalisk  
  79  6:38  Mutalisk  
  80  6:41  Mutalisk  
  80  6:44  Drone x3  
  80  6:47  Drone  
  86  6:54  Zergling x8  
  86  7:00  Drone x3  
  93  7:09  Zerg Ground Armor Level 1  
  93  7:10  Zerg Melee Weapons Level 1  
  93  7:11  Drone x2  
  93  7:15  Drone x3  
  98  7:22  Mutalisk  
  98  7:24  Zergling x8  
  98  7:29  Drone  
  105  7:30  Overlord  
  105  7:43  Queen  
  105  7:51  Hatchery  
  105  7:54  Drone x2  
  105  7:57  Infestation Pit  
  103  7:59  Mutalisk  
  103  8:01  Mutalisk  
  103  8:02  Mutalisk  
  103  8:05  Zergling x12  
  114  8:11  Overlord  
  114  8:29  Overlord  
  114  8:30  Overlord  
  114  8:35  Overlord  
  114  8:36  Mutalisk x3  
  120  8:41  Zergling x2  
  120  8:42  Zergling x2  
  120  8:47  Hive  
  122  8:59  Overseer  
  122  9:01  Zergling x18  
  131  9:03  Queen  
  131  9:05  Zergling x8  
  137  9:12  Overlord  
  137  9:20  Zergling x2  
  137  9:21  Zergling x14  
  145  9:31  Zergling x2  
  145  9:32  Zergling x4  
  145  9:36  Zergling x2  
  145  9:37  Zergling x10  
  154  9:44  Extractor  
  148  9:50  Zergling x2  
  148  9:51  Zergling x14  
  151  9:59  Mutalisk x4  
  153  10:06  Ultralisk Cavern  
  152  10:09  Zergling x2  
  152  10:10  Zergling x12  
  152  10:12  Overlord x2  
Show
View Real Time Build Order
Export as new Build Order

Elroye Zerg 

Build Orders: Pool First 

Get SALT Encoding   

  12  0:01  Drone  
  13  0:13  Overlord  
  13  0:18  Drone  
  14  0:32  Drone x2  
  16  0:36  Drone  
  17  0:45  Spawning Pool  
  16  0:51  Drone  
  17  1:00  Extractor  
  16  1:12  Hatchery  
  16  1:14  Drone  
  16  1:19  Drone  
  16  1:22  Drone  
  18  1:31  Drone  
  19  1:46  Queen  
  19  1:47  Zergling x2  
  22  1:52  Overlord  
  22  1:59  Extractor  
  21  2:01  Zergling x2  
  23  2:15  Metabolic Boost  
  23  2:19  Drone  
  23  2:21  Queen  
  26  2:26  Queen  
  26  2:28  Spine Crawler  
  27  2:33  Drone x2  
  29  2:38  Drone  
  29  2:41  Drone  
  31  2:46  Drone x2  
  33  2:55  Overlord  
  33  2:57  Drone  
  33  3:11  Overlord  
  33  3:13  Drone  
  33  3:14  Drone x2  
  33  3:17  Drone  
  33  3:18  Drone  
  38  3:30  Lair  
  38  3:32  Evolution Chamber  
  36  3:43  Roach Warren  
  36  3:48  Drone x6  
  38  3:50  Zergling x4  
  42  3:56  Extractor, Zergling x2  
  42  3:58  Zerg Missile Weapons Level 1  
  42  4:00  Zergling x2  
  43  4:06  Zergling x4  
  47  4:23  Drone x2  
  47  4:26  Drone  
  47  4:27  Drone x3  
  47  4:28  Glial Reconstitution  
  51  4:33  Extractor  
  51  4:37  Drone  
  51  4:39  Drone  
  52  4:49  Hatchery  
  47  5:10  Queen x2  
  49  5:19  Roach  
  49  5:20  Overlord  
  51  5:26  Overlord  
  51  5:28  Spore Crawler  
  50  5:29  Spore Crawler  
  50  5:32  Roach  
  50  5:33  Overlord  
  51  5:37  Spore Crawler  
  51  5:38  Roach  
  52  5:58  Queen x2, Overlord  
  52  6:03  Roach  
  52  6:04  Roach x7  
  72  6:08  Zerg Ground Armor Level 1  
  72  6:10  Drone x2  
  74  6:14  Overlord  
  74  6:19  Overlord  
  74  6:23  Overlord  
  74  6:31  Overlord  
  74  6:33  Drone  
  74  6:34  Drone x7  
  82  6:41  Drone  
  82  6:43  Drone  
  82  6:45  Drone  
  86  6:54  Drone x2  
  86  6:55  Extractor  
  86  7:03  Queen x2  
  86  7:04  Queen  
  92  7:11  Infestation Pit  
  92  7:13  Drone x6  
  92  7:15  Extractor  
  96  7:18  Spore Crawler  
  96  7:21  Spore Crawler  
  95  7:31  Roach  
  95  7:32  Roach x4  
  95  7:33  Overlord  
  105  7:46  Spore Crawler  
  102  7:54  Queen  
  104  8:03  Burrow, Infestor x5  
  104  8:05  Overlord x3  
  114  8:30  Drone x3  
  114  8:31  Spore Crawler, Drone x3  
  119  8:41  Roach x7  
  127  8:42  Ravager x2  
  127  8:43  Ravager, Hydralisk Den  
  131  8:59  Drone  
  131  9:00  Infestor, Drone x3  
  137  9:03  Overlord  
  137  9:06  Extractor  
  137  9:09  Infestor  
  138  9:16  Hydralisk Den  
  137  9:21  Queen x8  
  134  9:35  Infestor x2  
  134  9:37  Roach x4  
  134  9:38  Roach x19, Overlord x2  
  146  9:51  Overlord  
  146  9:52  Overlord  
  144  10:09  Hydralisk  
  144  10:10  Hydralisk x5  
  144  10:12  Hydralisk x2  
  144  10:13  Roach  
  158  10:23  Unknown x2  
Tags
 
Add a new tag
Caveats
  • Supply blocks, unpowered buildings, or Contaminate may cause inaccurate times.
  • Supply counts are checked every 10 seconds.